 Dungeon Crawl Stone Soup version 0.18.1-50-g88ac8fd (webtiles) character file.

71153 magog001 the Peltast (level 14, -5/127 HPs)
             Began as a Minotaur Fighter on Feb 12, 2018.
             Slain by a guardian serpent (shapeshifter) (20 damage)
             ... on level 4 of the Abyss.
             The game lasted 02:53:22 (26298 turns).

magog001 the Peltast (Minotaur Fighter)            Turns: 26298, Time: 02:53:22

Health: -5/127     AC: 23    Str: 22    XL:     14   Next: 96%
Magic:  10/10      EV: 17    Int:  4    God:
Gold:   769        SH: 14    Dex: 10    Spells: 0 memorised, 13 levels left

rFire  . . .     SeeInvis +     I - +2 flail (protect)
rCold  . . .     Gourm    .     h - +6 ring mail of Cowardice {MR+ SInv}
rNeg   . . .     Faith    .     c - +0 shield
rPois  .         Spirit   .     (helmet restricted)
rElec  .         Dismiss  .     (no cloak)
rCorr  .         Reflect  .     b - +2 pair of gloves
SustAt +         Harm     .     i - +2 pair of boots
MR     ++...     Rnd*Rage +     n - amulet of regeneration
Stlth  +.........               W - +3 ring of dexterity
                                J - ring of sustain attributes

@: very resistant to hostile enchantments, very unstealthy
A: retaliatory headbutt, claws 1, horns 2, talons 2, repulsion field 1, berserk
1, blink, blurry vision 2, clumsy 2, deformed body, deterioration 2, low mp 2,
screaming 1, weak 2, subdued magic 2, MP-powered wands
a: Blink


You were on level 4 of the Abyss.
You were not hungry.

You visited 3 branches of the dungeon, and saw 18 of its levels.
You visited the Abyss 1 time.
You also visited: Bailey and Ice Cave.

You collected 2579 gold pieces.
You spent 1609 gold pieces at shops.

Inventory:

Hand Weapons
 u - a +0 hunting sling of venom
 I - a +2 flail of protection (weapon)
Missiles
 q - 65 sling bullets
 A - 3 poisoned tomahawks (quivered)
 P - 47 tomahawks
 R - 56 tomahawks of returning
Armour
 b - a +2 pair of gloves (worn)
 c - a +0 shield (worn)
 h - the +6 ring mail of Cowardice (worn) {MR+ SInv}
   (You found it on level 6 of the Dungeon)

   It affects your resistance to hostile enchantments.
   It lets you see invisible.
 i - a +2 pair of boots (worn)
Jewellery
 n - an amulet of regeneration (around neck)
 J - a ring of sustain attributes (left hand)
 W - a +3 ring of dexterity (right hand)
Wands
 e - a wand of teleportation (0/9)
 j - a wand of flame (9/48)
 k - a wand of acid (3/15)
 s - a wand of heal wounds (0/9)
 v - a wand of acid (5/15)
 D - a wand of acid (3/15)
 F - a wand of digging (3/24)
 G - a wand of paralysis (14/24)
 K - a wand of enslavement (17/24)
 N - a wand of flame (15/48)
 T - a wand of enslavement (17/24)
 Y - a wand of digging (0/24)
Scrolls
 g - 3 scrolls of identify
 y - 5 scrolls of fear
 H - a scroll of blinking
 M - a scroll of magic mapping {unknown}
 U - 5 scrolls of remove curse
 Z - a scroll of enchant armour
Potions
 a - a potion of invisibility {unknown}
 d - 2 potions of might
 l - a potion of flight
 m - 3 potions of agility
 r - a potion of berserk rage
 t - a potion of cure mutation {unknown}
 w - 2 potions of lignification
 z - 5 potions of curing
 B - a potion of resistance {unknown}
 C - a potion of brilliance
 E - a potion of magic
 L - 2 potions of ambrosia
 Q - a potion of haste {unknown}
 S - a potion of cancellation {unknown}
 X - 2 potions of heal wounds
Miscellaneous
 p - a stone of tremors (inert)
 x - a lamp of fire (inert)
 V - a stone of tremors (inert)
Comestibles
 f - 9 bread rations
 o - 3 meat rations


   Skills:
 * Level 12.6 Fighting
   Level 4.2(10.1) Axes
 * Level 13.8(14.0) Maces & Flails
 * Level 10.0 Throwing
 * Level 12.4 Armour
 + Level 10.9 Dodging
 - Level 1.0 Stealth
 * Level 15.4 Shields


You had 13 spell levels left.
You didn't know any spells.

Dungeon Overview and Level Annotations

Branches:
Dungeon (15/15)            Temple (0/1) D:6            Lair (0/8) D:9
    Orc (2/2) D:12            Elf (0/3) Orc:2        Vaults (0/5) D:13
 Depths (1/5) D:15

Altars:
Ashenzari
Dithmenos
Fedhas
Gozag
Okawaru
Ru
Sif Muna
Trog
Zin
Beogh

Shops:
D:5 :   D:8 *   D:9 :   Orc:2 *[*

Portals:
Hell: Depths:1
Abyss: Depths:1


Innate Abilities, Weirdness & Mutations

You reflexively headbutt those who attack you in melee.
You have a pair of horns on your head.
You have sharp fingernails.
You have razor-sharp toenails.
You are surrounded by a mild repulsion field (EV +2).
You tend to lose your temper in combat.
You can translocate small distances at will.
Your magical capacity is very low (-20% MP).
You occasionally shout uncontrollably at your foes.
[Scrolls take you longer to read.]
[You are very clumsy. (Dex -4)]
[Armour fits poorly on your strangely shaped body.]
[Your body often deteriorates upon taking damage.]
[You are very weak. (Str -4)]
[Your spells are easier to cast, but less powerful.]
[You expend magic power (3 MP) to strengthen your wands.]


Message History

The great orb of eyes barely misses you.
The crystal guardian fires a crystalline bolt at you.
The crystal bolt burns you!
* * * LOW HITPOINT WARNING * * *
The crystal bolt burns the crystal guardian.
The crystal guardian completely resists.
The crystal guardian completely misses you.
You furiously retaliate!
You headbutt the crystal guardian, but do no damage.
You blink.
You feel slightly more hungry.
The abyssal rune of Zot is a mimic!
The abyssal rune of Zot mimic guffaws and vanishes in a puff of smoke!
The guardian serpent hits you.
* * * LOW HITPOINT WARNING * * *
The crystal guardian completely misses you.
You block the crystal guardian's attack.
You fail to use your ability.
The guardian serpent misses you.
You block the great orb of eyes's attack.
You block the guardian serpent's attack.
The guardian serpent hits you!!
You die...

.. . ##. .## ...
#.. .. ...
....##.#####.##.
.....#(#}#(#...
....#$$$}[[?#..
#[[88$[φ)?#
##[G8)??(##
#(§@SG[/([#
##G8S$[[$##
#[?[$?$φ[(#
..#?(?[$?(#..
....#?#_#?#...
#..##..#####..#
.## ... ... ###.
..


You could see 3 great orbs of eyes, 4 crystal guardians and 2 guardian serpents.

Vanquished Creatures
  A fire giant (Depths:1)
  An orc warlord (Orc:2)
  2 stone giants
  An ettin (Depths:1)
  Erolcha (D:8)
  2 fire dragons (Depths:1)
  The ghost of magog001 the Blocker, a journeyman MiFi (IceCv)
  A yaktaur captain (Depths:1)
  An ice dragon (D:15)
  3 centaur warriors
  2 hydras
  Erica (D:9)
  The ghost of magog001 the Nimble, a novice MiMo of Nemelex Xobeh (D:10)
  2 tengu warriors (D:15)
  4 orc high priests
  A deep elf knight (Orc:2)
  4 unseen horrors
  A harpy (shapeshifter) (D:15)
  5 hill giants
  3 necromancers
  2 ugly things
  A wolf spider (D:15)
  3 deep elf magi
  7 orc knights
  An oklob plant (D:12)
  6 orc sorcerers
  2 cyclopes
  4 ice statues (IceCv)
  A manticore (D:12)
  7 centaur zombies
  An octopode (shapeshifter) (D:15)
  5 centaur skeletons
  2 tengu conjurers (D:15)
  An efreet (D:13)
  A freezing wraith (D:13)
  A komodo dragon (D:12)
  7 yaktaurs (Depths:1)
  6 ice devils (IceCv)
  14 trolls
  An ancient zyme (Abyss:3)
  2 polar bears (D:15)
  6 two-headed ogres
  Grinder (D:6)
  27 slime creatures
  6 raiju (Abyss:3)
  Sigmund (D:5)
  A spriggan (D:12)
  2 shadows
  3 wyverns
  A vampire (D:15)
  A ynoxinul (Abyss:3)
  7 yaks
  Eustachio (D:5)
  A large abomination (Abyss:3)
  The ghost of magog001 the Shield-Bearer, an amateur MiFi of Nemelex Xobeh (D:3)
  A hippogriff (shapeshifter) (D:15)
  A hippogriff (D:7)
  A hungry ghost (D:14)
  A mottled dragon (D:11)
  Menkaure (D:6)
  Edmund (D:4)
  3 wargs
  A soldier ant (shapeshifter) (D:15)
  A water moccasin (D:6)
  31 orc warriors
  3 eyes of draining
  An ice beast (D:11)
  4 black bears
  3 sky beasts
  11 ogres
  5 boggarts (D:15)
  10 centaurs
  2 phantoms
  A wolf (shapeshifter) (D:15)
  2 wolves (D:15)
  A crocodile (shapeshifter) (D:15)
  2 big kobolds
  Blork the orc (D:6)
  9 giant frogs
  2 gnoll sergeants
  3 scorpions
  10 killer bees
  5 wights (D:6)
  3 howler monkeys
  3 giant frog zombies
  8 crimson imps
  A quasit (D:12)
  7 hounds
  4 jellies
  17 orc priests
  2 draconian simulacra (IceCv)
  2 giant frog skeletons
  13 worker ants
  33 orc wizards
  A troll simulacrum (IceCv)
  2 spriggan simulacra (IceCv)
  2 centaur simulacra (IceCv)
  A worker ant zombie (D:11)
  19 gnolls
  A naga simulacrum (IceCv)
  2 ogre simulacra (IceCv)
  17 adders
  2 shadow imps
  A white imp (Abyss:3)
  An ooze (D:3)
  3 adder skeletons
  3 adder zombies
  2 worms
  6 giant geckos
  88 orcs
  5 bats
  6 giant cockroaches
  19 goblins
  12 hobgoblins
  3 jackals (D:4)
  28 kobolds
  5 quokkas
  2 giant gecko skeletons
  A giant newt (D:3)
  A quokka skeleton (D:6)
  5 rats
  3 bushes (D:12)
  3 plants (D:12)
626 creatures vanquished.

Vanquished Creatures (collateral kills)
  An orc high priest (Orc:2)
  An orc priest (D:12)
  An orc wizard (Orc:2)
  6 orcs
9 creatures vanquished.

Vanquished Creatures (others)
  A naga mage (Orc:2)
  An orc priest (D:13)
  2 plants (D:12)
4 creatures vanquished.

Grand Total: 639 creatures vanquished

Notes
Turn   | Place    | Note
--------------------------------------------------------------
     0 | D:1      | magog001 the Minotaur Fighter began the quest for the Orb.
     0 | D:1      | Reached XP level 1. HP: 19/19 MP: 0/0
    34 | D:1      | Reached XP level 2. HP: 24/27 MP: 1/1
   547 | D:1      | Reached skill level 4 in Shields
   728 | D:1      | Reached XP level 3. HP: 33/33 MP: 2/2
  1055 | D:2      | Found a deep blue altar of Sif Muna.
  1336 | D:2      | Reached skill level 1 in Dodging
  1336 | D:2      | Reached XP level 4. HP: 31/41 MP: 3/3
  1771 | D:3      | Noticed magog001's ghost (amateur MiFi)
  1785 | D:3      | Killed magog001's ghost
  1785 | D:3      | Reached skill level 5 in Armour
  1785 | D:3      | Reached skill level 5 in Shields
  1785 | D:3      | Reached XP level 5. HP: 43/47 MP: 4/4
  2074 | D:3      | Reached XP level 6. HP: 52/53 MP: 5/5
  2514 | D:4      | Found an iron altar of Okawaru.
  2907 | D:4      | Noticed Edmund
  2919 | D:4      | Killed Edmund
  2919 | D:4      | Reached skill level 5 in Fighting
  2919 | D:4      | Reached skill level 1 in Throwing
  2919 | D:4      | Reached skill level 1 in Stealth
  3028 | D:5      | Entered Level 5 of the Dungeon
  3030 | D:5      | Noticed Sigmund
  3039 | D:5      | Killed Sigmund
  3039 | D:5      | Reached skill level 1 in Maces & Flails
  3039 | D:5      | Reached XP level 7. HP: 61/61 MP: 6/6
  3075 | D:5      | Found Qoigod's Book Emporium.
  3075 | D:5      | Noticed Eustachio
  3083 | D:5      | Killed Eustachio
  3442 | D:5      | Found a shattered altar of Ashenzari.
  3663 | D:6      | Reached skill level 6 in Shields
  3663 | D:6      | Reached XP level 8. HP: 46/70 MP: 7/7
  3971 | D:6      | Found an opulent altar of Gozag.
  4027 | D:6      | Noticed Menkaure
  4037 | D:6      | Killed Menkaure
  4245 | D:6      | Got a distressingly furry ring mail
  4468 | D:6      | Noticed Grinder
  4490 | D:6      | Killed Grinder
  4741 | D:6      | Reached skill level 7 in Shields
  4848 | D:6      | Reached XP level 9. HP: 57/78 MP: 8/8
  4920 | D:6      | Reached skill level 5 in Maces & Flails
  5011 | D:6      | Found a staircase to the Ecumenical Temple.
  5317 | D:6      | Noticed Blork the orc
  5324 | D:6      | Killed Blork the orc
  5673 | D:7      | Found a glowing silver altar of Zin.
  6391 | D:7      | Reached skill level 5 in Dodging
  6574 | D:8      | Found Meihaelad's Elemental Accessories.
  6648 | D:8      | Reached skill level 8 in Shields
  7519 | D:9      | Noticed Erica
  7626 | D:9      | Noticed Erolcha
  7663 | D:8      | HP: 2/79 [Erolcha/giant spiked club (20)]
  7664 | D:8      | Killed Erolcha
  7664 | D:8      | Reached XP level 10. HP: 2/88 MP: 9/9
  8037 | D:9      | Gained mutation: Your mind is acute. (Int +2) [mutagenic meat]
  8038 | D:9      | Gained mutation: [You are clumsy. (Dex -2)] [mutagenic meat]
  8039 | D:9      | Gained mutation: You have sharp toenails. [mutagenic meat]
  8040 | D:9      | Gained mutation: You have a pair of large horns on your head. [mutagenic meat]
  8042 | D:9      | Gained mutation: Your magical capacity is low (-10% MP). [mutagenic meat]
  8053 | D:9      | Identified the +6 ring mail of Cowardice {MR+ SInv} (You found it on level 6 of the Dungeon)
  8140 | D:9      | Killed Erica
  8140 | D:9      | Reached skill level 5 in Throwing
  8140 | D:9      | Reached skill level 9 in Shields
  8420 | D:9      | Found a staircase to the Lair.
  8506 | D:9      | Found a bloodstained altar of Trog.
  8551 | D:9      | Found a shadowy altar of Dithmenos.
  8589 | D:9      | Found Arghalar's Book Emporium.
  8713 | D:9      | Got a smoking ring mail
  8724 | D:9      | Identified the cursed +1 ring mail of Supple Strength {rCorr Str+3 Slay-3 Stlth+} (You found it on level 9 of the Dungeon)
  9023 | D:9      | Found a sacrificial altar of Ru.
  9098 | D:10     | Entered Level 10 of the Dungeon
  9179 | D:10     | Noticed magog001's ghost (novice MiMo)
  9785 | D:10     | Killed an unseen horror
  9785 | D:10     | Reached skill level 10 in Shields
  9785 | D:10     | Reached XP level 11. HP: 51/95 MP: 8/8
 10064 | D:10     | Killed an unseen horror
 10278 | D:10     | Killed magog001's ghost
 10778 | D:11     | Noticed a white ugly thing
 10798 | D:11     | Killed a white ugly thing
 10802 | D:11     | Gained mutation: Your mind is very acute. (Int +4) [mutagenic meat]
 10803 | D:11     | Gained mutation: You have sharp fingernails. [mutagenic meat]
 10804 | D:11     | Lost mutation: Your mind is very acute. (Int +4) [mutagenic meat]
 10805 | D:11     | Gained mutation: Your magical capacity is very low (-20% MP). [mutagenic meat]
 11046 | D:11     | Noticed a hill giant
 11064 | D:11     | Killed a hill giant
 11729 | D:9      | Reached skill level 10 in Armour
 11810 | D:8      | Bought a stone of tremors for 480 gold pieces
 12249 | D:11     | Reached skill level 11 in Shields
 13272 | D:12     | Gained mutation: You tend to lose your temper in combat. [mutagenic meat]
 13273 | D:12     | Gained mutation: You can translocate small distances at will. [mutagenic meat]
 13391 | D:12     | Found a roughly hewn altar of Beogh.
 13393 | D:12     | Found a staircase to the Orcish Mines.
 13507 | D:12     | Found a blossoming altar of Fedhas.
 13538 | D:12     | Noticed an oklob plant
 13705 | D:12     | Killed an oklob plant
 13705 | D:12     | Reached skill level 10 in Maces & Flails
 13705 | D:12     | Reached XP level 12. HP: 102/106 MP: 8/8
 14001 | Orc:1    | Entered Level 1 of the Orcish Mines
 14001 | Orc:1    | Found a roughly hewn altar of Beogh.
 14121 | Orc:1    | Found a flagged portal.
 14158 | Bailey   | Entered a bailey
 14196 | Bailey   | Reached skill level 10 in Fighting
 14520 | Orc:1    | Reached skill level 12 in Shields
 14944 | Orc:2    | Entered Level 2 of the Orcish Mines
 15387 | Orc:2    | Noticed a stone giant
 15503 | Orc:2    | Killed a stone giant
 15545 | Orc:2    | Noticed an orc high priest
 15547 | Orc:2    | Noticed an orc high priest
 16138 | Orc:2    | Killed an orc high priest
 16141 | Orc:2    | Hired Diudam the naga for 169 gold.
 16144 | Orc:2    | Killed an orc high priest
 16216 | Orc:2    | Noticed an orc warlord
 16226 | Orc:2    | Your ally Diudam died
 16230 | Orc:2    | Killed an orc warlord
 16230 | Orc:2    | Reached skill level 13 in Shields
 16639 | Orc:2    | Found a staircase to the Elven Halls.
 16753 | Orc:2    | Lost mutation: You have a pair of large horns on your head. [helix card]
 16753 | Orc:2    | Lost mutation: Your mind is acute. (Int +2) [helix card]
 16753 | Orc:2    | Noticed an orc high priest
 16877 | Orc:2    | Reached XP level 13. HP: 80/114 MP: 9/9
 17260 | Orc:2    | Drew Focus: Str increased to 26, Int decreased to 4
 18132 | Orc:2    | HP: 3/115 [orc priest/divine providence (13)]
 19254 | Orc:2    | Found Dexat's Food Shoppe.
 19254 | Orc:2    | Found Leurruf's General Store.
 19256 | Orc:2    | Found Otout's Armour Boutique.
 19513 | Orc:2    | Found Arokh's Assorted Antiques.
 19516 | Orc:2    | Bought 3 scrolls of recharging for 342 gold pieces
 19521 | Orc:2    | Bought a pair of runed boots for 121 gold pieces
 19521 | Orc:2    | Bought a scroll of identify for 54 gold pieces
 19521 | Orc:2    | Bought 2 scrolls of identify for 108 gold pieces
 19521 | Orc:2    | Bought a glowing amethyst potion for 24 gold pieces
 19585 | Orc:2    | Bought a stone of tremors (inert) for 480 gold pieces
 20504 | D:13     | Gained mutation: You occasionally shout uncontrollably at your foes. [mutagenic meat]
 20505 | D:13     | Lost mutation: You tend to lose your temper in combat. [mutagenic meat]
 21153 | D:13     | Found a gate to the Vaults.
 21167 | D:13     | Reached skill level 14 in Shields
 21466 | D:13     | Gained mutation: You have razor-sharp toenails. [potion of mutation]
 21466 | D:13     | Lost mutation: [You are clumsy. (Dex -2)] [potion of mutation]
 21467 | D:13     | Gained mutation: You are surrounded by a mild repulsion field (EV +2). [potion of mutation]
 21467 | D:13     | Gained mutation: [Your body sometimes deteriorates upon taking damage.] [potion of mutation]
 21467 | D:13     | Gained mutation: You tend to lose your temper in combat. [potion of mutation]
 21658 | D:14     | Reached skill level 10 in Dodging
 22366 | D:14     | Reached XP level 14. HP: 125/125 MP: 10/10
 22687 | D:15     | Entered Level 15 of the Dungeon
 23063 | D:15     | Found a frozen archway.
 23128 | IceCv    | Entered an ice cave
 23558 | IceCv    | Noticed magog001's ghost (journeyman MiFi)
 23606 | IceCv    | Killed magog001's ghost
 24211 | IceCv    | Got an ichor-stained short sword
 24213 | IceCv    | Got an ichor-stained scale mail
 24280 | IceCv    | Identified the +4 scale mail of Fedhas's Reproof {rC+} (You found it in an ice cave)
 24631 | D:15     | Reached skill level 15 in Shields
 24783 | D:15     | Found a staircase to the Depths.
 24831 | Depths:1 | Entered Level 1 of the Depths
 25902 | Depths:1 | Found a one-way gate to the infinite horrors of the Abyss.
 25948 | Depths:1 | Found a gateway to Hell.
 25959 | Depths:1 | Noticed a stone giant
 25968 | Depths:1 | Noticed a fire giant
 25997 | Depths:1 | Killed a stone giant
 26002 | Depths:1 | Killed a fire giant
 26094 | Depths:1 | Noticed a lich
 26104 | Depths:1 | Cast into level 3 of the Abyss (a lich)
 26224 | Abyss:3  | Reached skill level 10 in Throwing
 26295 | Abyss:4  | Found a corrupted altar of Lugonu.
 26298 | Abyss:4  | Slain by a guardian serpent (shapeshifter)

Skill      XL: |  1  2  3  4  5  6  7  8  9 10 11 12 13 14 |
---------------+-------------------------------------------+-----
Armour         | 4 5 6 7 9 10 11 12 | 12.4
Fighting       | 4 5 6 7 8 9 10 11 12 | 12.6
Shields        | 4 5 6 7 8 10 11 13 14 15 | 15.4
Dodging        | 1 2 3 5 6 7 9 10 | 10.9
Axes           | 3 4 |  4.2
Throwing       | 1 2 3 4 5 6 7 8 10 | 10.0
Stealth        | 1 |  1.0
Maces & Flails | 1 2 4 7 8 10 11 12 13 | 13.8

Action                   |  1- 3 |  4- 6 |  7- 9 | 10-12 | 13-15 || total
-------------------------+-------+-------+-------+-------+-------++-------
Melee: War axe           |    84 |   114 |       |       |       ||   198
       Headbutt          |     4 |    20 |    72 |   209 |   335 ||   640
       Flail             |       |     7 |   384 |   918 |   915 ||  2224
 Fire: Hunting sling     |       |       |       |   162 |   253 ||   415
Throw: Tomahawk          |       |       |     4 |    52 |    76 ||   132
 Abil: Blink             |       |       |       |       |     2 ||     2
Evoke: Wand              |       |     2 |    20 |    51 |    34 ||   107
       Stone of tremors  |       |       |       |     2 |     2 ||     4
       Deck              |       |       |       |     2 |     2 ||     4
       Lamp of fire      |       |       |       |       |     1 ||     1
  Use: Scroll            |       |     5 |    15 |    18 |    10 ||    48
       Potion            |       |       |     2 |     7 |    10 ||    19
 Stab: Paralysed         |       |    13 |    15 |       |       ||    28
  Eat: Chunk             |     1 |     5 |    12 |    31 |    10 ||    59
       Beef jerky        |       |     1 |       |     1 |     3 ||     5
       Pizza             |       |       |     1 |     1 |       ||     2
       Royal jelly       |       |       |     1 |       |       ||     1
       Fruit             |       |       |       |     4 |     4 ||     8
       Bread ration      |       |       |       |     1 |     2 ||     3
       Meat ration       |       |       |       |     1 |     3 ||     4
Armor: Scale mail        |    56 |    26 |   140 |     4 |       ||   226
       Ring mail         |       |       |       |   336 |   219 ||   555
Dodge: Dodged            |    41 |    42 |   133 |   376 |   413 ||  1005
Block: Shield            |    49 |    53 |   217 |   563 |   576 ||  1458
